 Dungeon Sprint DCSS version 0.29.1-12-g30fa7ad0bf (webtiles) character file.

Game seed: 796026046645490044

60 boopmooplesden the Poker (level 3, -13/38 HPs)
             Began as a Minotaur Berserker on Dec 15, 2022.
             Was an Elder of Trog.
             Mangled by a gnoll sergeant
             ... wielding a +0 trident
              (17 damage)
             ... in the Dungeon (Sprint VII: "The Pits").
             The game lasted 00:00:46 (291 turns).

boopmooplesden the Poker (Minotaur Berserker)        Turns: 291, Time: 00:00:46

Health: -13/38     AC:  2    Str: 23    XL:     3   Next: 80%
Magic:  2/2        EV: 12    Int:  4    God:    Trog [****..]
Gold:   0          SH:  0    Dex:  9    Spells: 2/2 levels left

rFire   . . .      SeeInvis .   i - +2 trident
rCold   . . .      Faith    .   (no shield)
rNeg    . . .      Spirit   .   b - +0 animal skin
rPois   .          Reflect  .   (helmet restricted)
rElec   .          Harm     .   (no cloak)
rCorr   .          Rampage  .   (no gloves)
Will    .....      NoTele   +   (no boots)
Stlth   +.........              (no amulet)
HPRegen 0.12/turn               (no ring)
MPRegen 0.08/turn               (no ring)

@: on berserk cooldown, slowed, very slow
A: horns 2, retaliatory headbutt
a: Renounce Religion, Berserk, Trog's Hand, Brothers in Arms


You were in the Dungeon.
You worshipped Trog.
Trog was greatly pleased with you.
You visited 1 branch

Inventory:

Hand Weapons
 a - a +0 spear
 i - a +2 trident (weapon)
Armour
 b - a +0 animal skin (worn)
Scrolls
 h - a scroll of blinking
 k - a scroll of summoning
Potions
 c - a potion of curing
 e - a potion of haste
 f - 4 potions of magic
 g - 3 potions of berserk rage
 j - 2 potions of invisibility


   Skills:
 + Level 6.3 Fighting
 + Level 6.8 Polearms
 + Level 3.5 Armour
 + Level 3.8 Dodging


You had 2 spell levels left.
You didn't know any spells.
Your spell library was empty.

Dungeon Overview and Level Annotations

Branches:
Dungeon (1/1)

Altars:


Innate Abilities, Weirdness & Mutations

You have a pair of horns on your head.
You reflexively headbutt those who attack you in melee.


Message History

You feel stronger. x2
You barely miss the gnoll.
The gnoll is almost dead.
You puncture the gnoll!
You kill the gnoll!
Trog accepts your kill.
The gnoll sergeant hits you from afar with a +0 trident!
* * * LOW HITPOINT WARNING * * *
The gnoll hits you with a +0 flail!
* * * LOW HITPOINT WARNING * * *
The gnoll closely misses you.
Your Polearms skill increases to level 6!
You barely miss the gnoll. You puncture the gnoll!
You kill the gnoll!
Trog accepts your kill. The gnoll hits you with a +0 club.
* * * LOW HITPOINT WARNING * * *
The gnoll barely misses you. You furiously retaliate!
You headbutt the gnoll!
You feel the power of Trog in you as your rage grows.
You kill the gnoll!
Trog accepts your kill.
You can now call in reinforcements.
The gnoll sergeant misses you.
Your Fighting skill increases to level 6!
You feel a strong urge to attack something.
You are too berserk!
You are no longer berserk.
You are exhausted.
You feel yourself slow down.
There is an open door here.
The quokka zombie attacks as you move away!
The quokka zombie barely misses you. The quokka zombie closely misses you.
You furiously retaliate!
You headbutt the quokka zombie.
There is an open door here.
You feel much better.
The gnoll sergeant hits you from afar with a +0 trident! x2
* * * LOW HITPOINT WARNING * * *
The gnoll sergeant hits you with a +0 trident!
You die...

##########++
##########+##...........
#.?(.')))'.##......#..#.
##########.##...........
#.......g@..'...........
+#####g#####......#..#.
#....Z# #...........
#.....# ####'#####++
###'### #.......#
#.....# #.......#
#.....# #.......#
####g## #...<...#
#..)))...##.......#


You could see a gnoll sergeant and a gnoll.

Vanquished Creatures
  4 gnolls (D)
  3 ufetubi (D)
  A giant cockroach (D)
  A ball python (D)
  A bat (D)
  A jackal skeleton (D)
11 creatures vanquished.

Notes
Turn   | Place    | Note
-------+----------+-------------------------------------------
     0 | D        | boopmooplesden the Minotaur Berserker began the quest for
                  | the Orb.
     0 | D        | Reached XP level 1. HP: 19/19 MP: 0/0
    53 | D        | Reached ** piety under Trog
    54 | D        | Reached XP level 2. HP: 16/28 MP: 1/1
   262 | D        | Reached skill level 5 in Polearms
   266 | D        | Reached skill level 5 in Fighting
   272 | D        | Noticed a gnoll sergeant
   274 | D        | Reached *** piety under Trog
   277 | D        | Reached XP level 3. HP: 24/36 MP: 2/2
   280 | D        | Reached **** piety under Trog
   291 | D        | Mangled by a gnoll sergeant

Illustrated notes

Levels and vault maps discovered:
D:        pitsprint [storerooms_1, entrance_room_1, metal_vault_6, armoury_2,
          mini_pit_1, grid_room_1, main_hall_1, silver_pit, the_coven_2,
          the_vestibule_1, steel_vault_5, golden_pit, hallway_of_sentries,
          crystal_vault_6, iron_vault_4, final_vault]

Skill      XL: |  1  2  3 |
---------------+----------+-----
Fighting       | 4 5 6 |  6.3
Polearms       | 4 5 6 |  6.8
Armour         | 3 |  3.5
Dodging        | 3 |  3.8

Action                   || total
-------------------------++-------
Melee: Spear             ||     5
       Trident           ||    16
       Headbutt          ||     4
Invok: Berserk           ||     1
  Use: Potion            ||     1
Armor: Animal skin       ||     2
Dodge: Dodged            ||    29
